 Dungeon Crawl Stone Soup version 0.32-a0-355-ged53ad6fd3 (webtiles) character file.

Game seed: 16150841992130091816

97852 Conn the Sage (level 16, -19/95 HPs)
             Began as an Octopode Fire Elementalist on Feb 16, 2024.
             Was a High Priest of Sif Muna.
             Killed from afar by a thorn hunter (46 damage)
             ... with a volley of thorns
             ... on level 4 of the Swamp on Feb 18, 2024.
             The game lasted 01:26:54 (26295 turns).

Conn the Sage (Octopode Fire Elementalist)         Turns: 26295, Time: 01:26:55

Health: -19/95     AC:  5    Str:  8    XL:     16   Next: 20%
Magic:  19/31      EV: 23    Int: 24    God:    Sif Muna [*****.]
Gold:   1169       SH: 10    Dex: 19    Spells: 2/37 levels left

rFire   + . .        a - staff of conjuration
rCold   . . .        D - +3 buckler
rNeg    . . .        (helmet restricted)
rPois   +            I - amulet of magic regeneration
rElec   .            F - ring of wizardry
rCorr   .            x - +5 ring of evasion
SInv    .            w - ring of protection from cold
Will    ++...        A - +4 ring of protection
Stlth   +++++        J - ring of willpower
HPRegen 0.35/turn    Q - +6 ring of dexterity
MPRegen 0.62/turn    Y - ring of fire
                     y - ring of poison resistance

%: wizardry (x1)
@: very slightly contaminated
A: almost no armour, amphibious, 8 rings, camouflage 1, gelatinous body 1,
(nimble swimmer 1), tentacles
a: Renounce Religion, Channel Magic, Forget Spell, Divine Exegesis


You were on level 4 of the Swamp.
You worshipped Sif Muna.
Sif Muna was extremely pleased with you.
You visited 5 branches of the dungeon, and saw 24 of its levels.
You also visited: Sewer, Ossuary and Bailey.

You collected 2172 gold pieces.
You spent 1003 gold pieces at shops.

Inventory:

Hand Weapons
 b - the +11 short sword of Disembowelment {freeze, rCorr}
   (You found it on level 1 of the Lair of Beasts)

   rCorr:     It protects you from acid and corrosion.
 i - a +2 dagger of electrocution
Missiles
 O - 4 throwing nets
Armour
 D - a +3 buckler (worn)
 S - an orb of energy
Magical Staves
 a - a staff of conjuration (weapon)
Jewellery
 h - an amulet of regeneration
 o - a ring of fire
 w - a ring of protection from cold (on tentacle)
 x - a +5 ring of evasion (right tentacle)
 y - a ring of poison resistance (on tentacle)
 A - a +4 ring of protection (on tentacle)
 F - a ring of wizardry (left tentacle)
 I - an amulet of magic regeneration (around mantle)
 J - a ring of willpower (on tentacle)
 Q - a +6 ring of dexterity (on tentacle)
 Y - a ring of fire (on tentacle)
Wands
 k - a wand of mindburst (12)
 m - a wand of roots (12)
 u - a wand of light (33)
 B - a wand of polymorph (12)
 R - a wand of flame (17)
 V - a wand of digging (3)
 X - a wand of charming (5)
Scrolls
 d - 2 scrolls of teleportation
 f - a scroll of poison
 g - 5 scrolls of vulnerability
 j - 2 scrolls of enchant weapon
 n - 2 scrolls of immolation
 p - a scroll of torment
 t - a scroll of blinking
 v - 4 scrolls of enchant armour
 C - 2 scrolls of silence
 G - 3 scrolls of revelation
 L - 4 scrolls of noise
 N - a scroll of fog
 P - 2 scrolls of amnesia
 Z - a scroll of fear
Potions
 c - 4 potions of ambrosia
 e - 2 potions of lignification
 l - 5 potions of curing
 r - 2 potions of berserk rage {unknown}
 s - 2 potions of magic
 z - 5 potions of heal wounds
 E - 6 potions of degeneration
 H - 3 potions of enlightenment
 T - a potion of haste
 U - 8 potions of brilliance
 W - 4 potions of mutation
Miscellaneous
 M - a condenser vane


   Skills:
 * Level 4.0 Fighting
 + Level 8.8 Dodging
 - Level 8.0 Stealth
 + Level 9.1 Shields
 * Level 11.1 Spellcasting
 * Level 11.9 Conjurations
 - Level 6.1 Hexes
 - Level 6.0 Summonings
 + Level 8.8 Fire Magic
 + Level 6.5 Air Magic
 - Level 5.4 Earth Magic
 - Level 6.0 Alchemy
 * Level 12.2 Invocations


You had 2 spell levels left.
You knew the following spells:

 Your Spells              Type           Power      Damage    Failure   Level
a - Foxfire               Conj/Fire      100%       2x1d9     1%          1
b - Scorch                Fire           100%       2d9       1%          2
c - Inner Flame           Hex/Fire       65%        N/A       1%          3
d - Flame Wave            Conj/Fire      97%        2d20      1%          4
e - Stone Arrow           Conj/Erth      100%       3d13      1%          3
f - Irradiate             Conj/Alch      35%        3d23      1%          5
g - Summon Lightning Spi  Summ/Air       43%        N/A       1%          4
h - Mephitic Cloud        Conj/Alch/Air  68%        N/A       1%          3
i - Starburst             Conj/Fire      48%        6d13      6%          6
j - Summon Blazeheart Go  Fire/Summ      65%        N/A       1%          4

Your spell library contained the following spells:

 Spells                   Type           Power      Damage    Failure   Level
 Kiss of Death            Conj/Necr      100%       2d13      1%          1
 Magic Dart               Conj           100%       1d8       1%          1
 Slow                     Hex            100%       N/A       1%          1
 Cigotuvi's Dreadful Rot  Necr/Alch/Air  66%        N/A       1%          2
 Ensorcelled Hibernation  Hex/Ice        56%        N/A       1%          2
 Momentum Strike          Conj/Tloc      100%       3d10      1%          2
 Searing Ray              Conj           100%       2d8       1%          2
 Lesser Beckoning         Tloc           26%        N/A       4%          2
 Confusing Touch          Hex            42%        N/A       1%          3
 Sigil of Binding         Hex            42%        N/A       1%          3
 Volatile Blastmotes      Fire/Tloc      100%       2d18      1%          3
 Brom's Barrelling Bould  Conj/Erth      70%        2d8       1%          4
 Fulminant Prism          Conj/Alch      35%        3d18      1%          4
 Ignite Poison            Fire/Alch      65%        N/A       1%          4
 Petrify                  Alch/Erth      40%        N/A       2%          4
 Fugue of the Fallen      Necr           13%        N/A       8%          3
 Gell's Gravitas          Tloc           13%        N/A       8%          3
 Teleport Other           Tloc           13%        N/A       8%          3
 Vampiric Draining        Necr           13%        2d6       8%          3
 Anguish                  Hex/Necr       14%        N/A       8%          4
 Orb of Destruction       Conj           41%        9d11      16%         7
 Summon Forest            Summ/Tloc      13%        N/A       21%         5
 Dispel Undead            Necr           13%        3d9       26%         4
 Passage of Golubria      Tloc           13%        N/A       26%         4
 Eringya's Noxious Bog    Alch           21%        4d6       32%         6
 Spellforged Servitor     Conj/Summ      35%        N/A       45%         7
 Summon Hydra             Summ           21%        N/A       86%         7
 Ignition                 Fire           35%        3d11      98%         8
 Haunt                    Necr/Summ      13%        N/A       99%         7
 Lehudib's Crystal Spear  Conj/Erth      35%        10d9      99%         8
 Death's Door             Necr           6%         N/A       100%        9
 Animate Armour           Summ/Erth      Unusable   N/A       N/A         4

Dungeon Overview and Level Annotations

Branches:
Dungeon (12/15)            Temple (1/1) D:4            Lair (5/5) D:9
  Swamp (4/4) Lair:3       Spider (0/4) Lair:3        Slime (0/5) Lair:4
    Orc (2/2) D:9             Elf (0/3) Orc:2         Sewer (visited)
Ossuary (visited)          Bailey (visited)

Altars:
Ashenzari
Cheibriados
Dithmenos
Elyvilon
Fedhas
Gozag
Hepliaklqana
Kikubaaqudgha
Makhleb
Nemelex Xobeh
Okawaru
Qazlal
Ru
Sif Muna
Trog
Uskayaw
Vehumet
Wu Jian
Xom
Yredelemnul
Zin
The Shining One
Beogh
Jiyva

Shops:
D:9 [   Orc:2 [??=

Annotations:
Lair:2 exclusion: 4 oklob plants


Innate Abilities, Weirdness & Mutations

You cannot wear most types of armour.
You are amphibious.
You can wear up to eight rings at the same time.
Your skin changes colour to match your surroundings (Stealth+).
Your rubbery body absorbs attacks. (AC +1, EV +1)
((You are camouflaged when in or above water. (Stealth+)))
You have tentacles for arms and can constrict up to eight enemies at once.


Message History

Unknown command.
Casting: Starburst (dangerous; 6% risk of failure)
Confirm with . or Enter, or press ? or * to list all spells.
Okay, then.
Unknown command.
As you read the scroll of fear, it crumbles to dust.
You assume a fearsome visage.
The thorn hunter is unaffected.
The fenstrider witch looks frightened!
The swamp worm looks frightened!
The tyrant leech looks frightened!
The thorn hunter is engulfed in blazing flames.
Flame seeps out of the thorn hunter.
The thorn hunter gestures. x2
The thorn hunter is engulfed in blazing flames.
Flame seeps out of the thorn hunter.
The fenstrider witch is engulfed in blazing flames.
Flame seeps out of the fenstrider witch.
The tyrant leech is engulfed in blazing flames.
Flame seeps out of the tyrant leech.
Unknown command.
Unknown command.
Unknown command.
Casting: Starburst (dangerous; 6% risk of failure)
Confirm with . or Enter, or press ? or * to list all spells.
Okay, then.
Unknown command.
Aiming: Fastroot
Press: ? - help, Shift-Dir - straight line, f - thorn hunter
Aim: a thorn hunter (severely damaged, inner flame)
The roots erupt in riotous growth!
Roots grab the thorn hunter.
Your attack snaps the tyrant leech out of its fear.
Roots grab the tyrant leech.
The grasping roots constrict the thorn hunter, but do no damage.
The grasping roots constrict the tyrant leech.
Flame seeps out of the tyrant leech.
The fenstrider witch is engulfed in blazing flames.
Flame seeps out of the fenstrider witch.
The thorn hunter fires a volley of thorns at you.
The volley of thorns hits you!!!
You die...

♣♣♣♣♣♣~~~~. ~~§
♣~..~.~~~~.♣♣♣.~.
♣♣~P~..~~~~~~..~~.
~♣.~PP~§..§~~.~~..~
♣.~~PP~~~~†§~~~~♣
.~~~PP~♣○[H~§~.♣
.~~~PP.♣w○§.~~♣≈≈≈
#~~P~~.°○~§~~≈≈≈≈≈
#PP.@○○~°w°≈§≈≈≈
##♣♣♣○§.f§§♣♣≈≈≈
♣~§§§§§§♣ ♣♣
#♣§§§§§♣♣ ~
.§§§§♣♣♣♣ .~
#♣~.~♣♣§♣ ~.♣
#~~~..~~♣♣ ~~♣
#..~~.~..♣♣ ~~§♣
.~.#..♣♣~~~<♣~.<♣♣.


You could see a thorn hunter (inner flame, rooted), a fenstrider witch (inner
flame, fleeing), a tyrant leech (inner flame, rooted) and a swamp worm (inner
flame, fleeing).

Vanquished Creatures
  Nikola (Swamp:3)
  Kirke (Lair:3)
  The ghost of temujin the Purifying Dwarf, an adept MDFi of Elyvilon (Swamp:1)
  Donald (Swamp:3)
  4 bunyips
  3 eleionomae
  A shambling mangrove (Swamp:2)
  Erolcha (D:8)
  Harold (Orc:1)
  3 catoblepae
  5 alligators
  6 hydras
  9 death yaks
  A boulder beetle (Lair:3)
  A two-headed ogre (D:10)
  3 orc high priests (Orc:2)
  Urug (Lair:3)
  3 skysharks
  Amaemon (Lair:2)
  8 spriggans
  2 spriggan druids
  The ghost of paps the Cudgeller, a novice TrDe of Okawaru (D:6)
  3 bog bodies
  2 swamp dragons
  8 orc knights
  A cyclops (D:9)
  5 orc sorcerers
  2 oklob plants (Lair:1)
  3 manticores
  10 elephants
  3 kobold blastminers
  14 cane toads
  5 black mambas
  An orange demon (Lair:2)
  Maggie (D:7)
  Jeremiah (Lair:1)
  5 rime drakes
  3 unseen horrors
  3 komodo dragons
  A polar bear (Lair:4)
  4 trolls
  A queen bee (Lair:2)
  A bloated husk (Swamp:2)
  4 tyrant leeches
  A nameless horror (Lair:5)
  Prince Ribbit (D:5)
  13 hornets
  18 blink frogs
  10 dream sheep
  2 culicivoras (Lair:3)
  2 wraiths (D:10)
  4 jumping spiders (Lair:3)
  6 wyverns
  58 yaks
  A warg (Orc:1)
  2 basilisks (Lair:2)
  2 hogs (Lair:3)
  A steam dragon (Lair:2)
  A redback (Lair:3)
  13 swamp worms
  9 vampire mosquitoes
  Menkaure (D:5)
  An acid dragon (D:9)
  20 water moccasins
  A swamp drake (Swamp:1)
  4 ice beasts
  4 black bears
  A sky beast (D:6)
  19 orc warriors
  A crocodile (Sewer)
  18 wolves
  9 centaurs
  2 phantoms
  8 ogres
  A kobold brigand (D:6)
  An elf zombie (Ossuary)
  A brain worm (Sewer)
  A gnoll sergeant (D:10)
  14 bullfrogs
  A scorpion (D:6)
  2 elf skeletons (D:5)
  6 wights
  30 killer bees (Lair:2)
  2 howler monkeys
  A centaur zombie (Ossuary)
  2 hounds
  4 human zombies
  A sleepcap (D:7)
  A bombardier beetle (D:5)
  3 jellies
  18 orc priests
  2 human skeletons (D:5)
  5 iguanas
  Ijyb (D:3)
  21 orc wizards
  2 hell rats
  5 hound zombies (Ossuary)
  2 mummies (Ossuary)
  6 gnolls
  4 adders
  2 river rats
  A white imp (D:7)
  4 adder zombies (Ossuary)
  A dart slug (D:3)
  3 ribbon worms
  55 orcs
  10 ball pythons
  10 bats
  5 endoplasms
  A giant cockroach (D:3)
  7 gnoll zombies (Ossuary)
  7 goblins
  5 hobgoblins
  4 jackals (D:4)
  4 quokkas
  13 frilled lizards
  9 jackal zombies (Ossuary)
  22 kobolds
  3 kobold zombies (Ossuary)
  An orc skeleton (D:5)
  4 orc zombies (Ossuary)
  4 rats
  2 foxfires
686 creatures vanquished.

Vanquished Creatures (collateral kills)
  A catoblepas (Lair:5)
  A spriggan druid (Swamp:2)
  A manticore (Lair:5)
  A spriggan (Swamp:2)
  A vampire mosquito (Swamp:2)
  2 foxfires (Lair:2)
7 creatures vanquished.

Vanquished Creatures (others)
  A spriggan (Swamp:2)
  A human (Lair:3)
  A swamp worm (Swamp:3)
  2 killer bees (Lair:2)
  1402 foxfires
1407 creatures vanquished.

Grand Total: 2100 creatures vanquished

Notes
Turn   | Place    | Note
-------+----------+-------------------------------------------
     0 | D:1      | Conn the Octopode Fire Elementalist began the quest for the
                  | Orb.
     0 | D:1      | Reached XP level 1. HP: 11/11 MP: 3/3
   687 | D:1      | Reached XP level 2. HP: 17/17 MP: 1/5
   829 | D:1      | Learned a level 2 spell: Scorch
  1038 | D:2      | Reached XP level 3. HP: 21/21 MP: 2/6
  1219 | D:2      | Learned a level 3 spell: Inner Flame
  1282 | D:2      | Found a white marble altar of Elyvilon.
  1673 | D:3      | Reached XP level 4. HP: 27/27 MP: 4/7
  1740 | D:3      | Noticed Ijyb
  1822 | D:3      | Killed Ijyb
  2106 | D:3      | Reached XP level 5. HP: 31/31 MP: 9/9
  2438 | D:3      | Identified the +3 dagger "Famaz" {flame, +Blink rC++ rN+
                  | SInv}
  2704 | D:4      | Got the Tractate on Sidekicks and Battling
  3033 | D:4      | Found a glowing drain.
  3042 | Sewer    | Entered a sewer
  3114 | Sewer    | Reached skill level 1 in Hexes
  3114 | Sewer    | Reached XP level 6. HP: 36/36 MP: 0/11
  3577 | D:4      | Found a staircase to the Ecumenical Temple.
  3590 | Temple   | Entered the Ecumenical Temple
  3599 | Temple   | Became a worshipper of Sif Muna the Loreminder
  3689 | D:5      | Entered Level 5 of the Dungeon
  3689 | D:5      | Noticed a water moccasin
  3692 | D:5      | Killed a water moccasin
  3693 | D:5      | Reached XP level 7. HP: 41/41 MP: 6/12
  3693 | D:5      | Noticed Prince Ribbit
  3698 | D:5      | Killed Prince Ribbit
  3699 | D:5      | Reached skill level 1 in Invocations
  3715 | D:5      | Noticed Menkaure
  3846 | D:5      | Reached skill level 2 in Invocations
  3906 | D:5      | Killed Menkaure
  3907 | D:5      | Reached skill level 5 in Stealth
  3907 | D:5      | Reached XP level 8. HP: 46/46 MP: 8/14
  4107 | D:5      | Reached skill level 3 in Invocations
  4117 | D:5      | Found a sand-covered staircase.
  4129 | Ossuary  | Entered an ossuary
  4418 | Ossuary  | Reached * piety under Sif Muna
  4688 | Ossuary  | Reached skill level 5 in Spellcasting
  5056 | D:5      | Found an ancient bone altar of Kikubaaqudgha.
  5073 | D:5      | Reached skill level 5 in Conjurations
  5073 | D:5      | Reached skill level 4 in Invocations
  5076 | D:5      | Reached XP level 9. HP: 51/51 MP: 9/16
  5266 | D:6      | Reached ** piety under Sif Muna
  5666 | D:6      | Reached skill level 5 in Fire Magic
  5992 | D:6      | Found a runed translucent door.
  5996 | D:6      | Noticed paps's ghost (novice TrDe)
  6172 | D:6      | Reached skill level 5 in Invocations
  6484 | D:6      | Noticed a troll
  6489 | D:6      | Killed a troll
  6690 | D:6      | Killed paps's ghost
  6691 | D:6      | Reached XP level 10. HP: 22/56 MP: 0/19
  6958 | D:7      | Noticed Maggie
  6969 | D:7      | Killed Maggie
  6970 | D:7      | Reached skill level 5 in Dodging
  6970 | D:7      | Reached skill level 6 in Invocations
  8807 | D:8      | Learned a level 4 spell: Flame Wave
  8811 | D:8      | Learned a level 3 spell: Stone Arrow
  8817 | D:8      | Learned a level 5 spell: Irradiate
  8822 | D:8      | Learned a level 4 spell: Summon Lightning Spire
  8986 | D:9      | Reached *** piety under Sif Muna
  8997 | D:9      | Found a staircase to the Lair.
  8997 | D:9      | Noticed Erolcha
  9013 | D:8      | Killed Erolcha
  9014 | D:8      | Reached skill level 1 in Shields
  9163 | D:9      | Found a burning altar of Makhleb.
  9165 | D:9      | Found a stormy altar of Qazlal.
  9167 | D:9      | Found a sparkling altar of Nemelex Xobeh.
  9168 | D:9      | Found a basalt altar of Yredelemnul.
  9170 | D:9      | Found a white marble altar of Elyvilon.
  9171 | D:9      | Found an ornate altar of the Wu Jian Council.
  9190 | D:9      | Killed an unseen horror
  9191 | D:9      | Reached skill level 1 in Summonings
  9191 | D:9      | Reached skill level 1 in Air Magic
  9191 | D:9      | Reached skill level 1 in Alchemy
  9193 | D:9      | Noticed a manticore
  9275 | D:9      | Found Aciwauw's Armour Boutique.
  9279 | D:9      | Found a flagged portal.
  9296 | Bailey   | Entered a bailey
  9442 | Bailey   | Identified the +2 scale mail of Gluttony {rC+ rN+}
  9514 | Bailey   | Reached skill level 1 in Earth Magic
  9733 | Bailey   | Noticed an orc knight
  9780 | Bailey   | Killed an orc knight
  9781 | Bailey   | Reached XP level 11. HP: 61/61 MP: 2/21
  9936 | Bailey   | Reached skill level 7 in Invocations
 10272 | D:9      | Found a staircase to the Orcish Mines.
 10591 | D:9      | Reached skill level 5 in Hexes
 10676 | D:9      | Found a hazy altar of Hepliaklqana.
 10889 | D:9      | Killed a manticore
 10903 | D:9      | Noticed a cyclops
 10912 | D:9      | Killed a cyclops
 10982 | D:10     | Entered Level 10 of the Dungeon
 11659 | D:10     | Noticed a two-headed ogre
 11665 | D:10     | Killed a two-headed ogre
 12153 | D:11     | Reached **** piety under Sif Muna
 12820 | Lair:1   | Entered Level 1 of the Lair of Beasts
 13047 | Lair:1   | Reached XP level 12. HP: 61/66 MP: 17/23
 13052 | Lair:1   | Reached skill level 8 in Invocations
 13300 | Lair:1   | Noticed Jeremiah
 13309 | Lair:1   | Killed Jeremiah
 13683 | Lair:1   | Identified the +11 short sword of Disembowelment {freeze,
                  | rCorr}
 13753 | Lair:1   | Found a blossoming altar of Fedhas.
 14723 | Lair:2   | Reached skill level 5 in Shields
 14923 | Lair:2   | Reached ***** piety under Sif Muna
 14948 | Lair:2   | Noticed Amaemon
 14955 | Lair:2   | Killed Amaemon
 15005 | Lair:2   | Received a gift from Sif Muna
 15006 | Lair:2   | Got Sif Muna's Atlas of Fatal Pollution {god gift}
 15011 | Lair:2   | Learned a level 3 spell: Mephitic Cloud
 15016 | Lair:2   | Reached XP level 13. HP: 36/71 MP: 2/25
 15020 | Lair:2   | Reached skill level 9 in Invocations
 16211 | Lair:3   | Upgraded the game from 0.32-a0-314-g526f7d4993 to
                  | 0.32-a0-355-ged53ad6fd3
 16270 | Lair:3   | You fall into a shaft and drop 2 floors!
 16270 | Lair:5   | Entered Level 5 of the Lair of Beasts
 16412 | Lair:4   | Found a staircase to the Slime Pits.
 16412 | Lair:4   | Found a viscous altar of Jiyva.
 17092 | Lair:5   | Reached skill level 10 in Conjurations
 17213 | Lair:5   | Reached skill level 10 in Invocations
 17213 | Lair:5   | Reached XP level 14. HP: 58/76 MP: 16/27
 17639 | Lair:5   | Identified the +4 falchion of Duufoaxi {freeze, *Rage
                  | Dex+5}
 17747 | Lair:4   | Reached skill level 5 in Summonings
 17750 | Lair:4   | Received a gift from Sif Muna
 17751 | Lair:4   | Reached skill level 5 in Alchemy
 18086 | Lair:3   | Noticed an eleionoma
 18094 | Lair:3   | Killed an eleionoma
 18122 | Lair:3   | Found a staircase to the Swamp.
 18230 | Lair:3   | Reached skill level 5 in Air Magic
 18240 | Lair:3   | Noticed Urug
 18242 | Lair:3   | Reached skill level 5 in Earth Magic
 18256 | Lair:3   | Noticed Kirke
 18398 | Lair:3   | Killed Kirke
 18429 | Lair:3   | Found a hole to the Spider Nest.
 19427 | Lair:3   | Killed Urug
 19611 | Lair:4   | Got Sif Muna's Handbook of Destruction {god gift}
 19622 | Lair:4   | Learned a level 6 spell: Starburst
 19643 | Lair:4   | Reached skill level 10 in Spellcasting
 20538 | Orc:1    | Entered Level 1 of the Orcish Mines
 20548 | Orc:1    | Reached XP level 15. HP: 81/81 MP: 19/29
 20561 | Orc:1    | Received a gift from Sif Muna
 20562 | Orc:1    | Reached skill level 11 in Invocations
 20865 | Orc:2    | Entered Level 2 of the Orcish Mines
 20993 | Orc:1    | Noticed Harold
 21002 | Orc:1    | Killed Harold
 21361 | Orc:2    | Found a roughly hewn altar of Beogh.
 21384 | Orc:2    | Found a staircase to the Elven Halls.
 21641 | Orc:2    | Found a roughly hewn altar of Beogh.
 21720 | Orc:2    | Found Otulicur's Armour Emporium.
 22291 | Orc:2    | Paralysed by an orc sorcerer for 2 turns
 22457 | Orc:2    | Found Femmunn's Magic Scroll Boutique.
 22464 | Orc:2    | Found Xynel's Jewellery Boutique.
 22465 | Orc:2    | Found Wecif's Magic Scroll Emporium.
 22474 | Orc:2    | Bought a scroll of blinking for 127 gold pieces
 22521 | Orc:2    | Bought a ring of protection from cold for 325 gold pieces
 22521 | Orc:2    | Bought a ring of wizardry for 390 gold pieces
 22532 | Orc:2    | Bought a scroll of enchant armour for 105 gold pieces
 22532 | Orc:2    | Bought a scroll of fear for 56 gold pieces
 22733 | Lair:2   | Reached skill level 1 in Fighting
 22887 | Swamp:1  | Entered Level 1 of the Swamp
 22887 | Swamp:1  | Found a large runed translucent door.
 22887 | Swamp:1  | Found a large runed translucent door.
 22898 | Swamp:1  | Noticed temujin's ghost (adept MDFi)
 22919 | Swamp:1  | Killed temujin's ghost
 23101 | Swamp:1  | Received a gift from Sif Muna
 23863 | Swamp:1  | Identified the serpent talisman of Sibina {rElec rCorr
                  | MP-9}
 25066 | Swamp:2  | Received a gift from Sif Muna
 25067 | Swamp:2  | Got Iharphype's Disquisition on Warped Abominable Rites
                  | {god gift}
 25241 | Swamp:2  | Reached skill level 12 in Invocations
 25312 | Swamp:3  | Learned a level 4 spell: Summon Blazeheart Golem
 25337 | Swamp:3  | Reached XP level 16. HP: 59/93 MP: 17/31
 25587 | Swamp:3  | Noticed Donald
 25848 | Swamp:3  | Noticed Nikola
 25856 | Swamp:3  | Killed Nikola
 26111 | Swamp:3  | Killed Donald
 26236 | Swamp:4  | Entered Level 4 of the Swamp
 26260 | Swamp:4  | Noticed a thorn hunter
 26260 | Swamp:4  | Noticed a fenstrider witch
 26295 | Swamp:4  | Killed from afar by a thorn hunter

Illustrated notes

Levels and vault maps discovered:
D:1:      dpeg_arrival_rooms_c, layout_basic, serial_forest,
          infiniplex_forest_clump_curved, infiniplex_forest_lined_1,
          infiniplex_forest_straight_2, infiniplex_forest_straight_2,
          infiniplex_forest_clump_curved, infiniplex_forest_straight_1,
          minmay_lizard_king
D:2:      layout_rooms, basic_altar
D:3:      layout_basic, nrook_mini_vaults, grunt_decor_resistance, uniq_ijyb
D:4:      layout_loops_ring, minmay_temple_entry_antechambers,
          cheibrodos_sewer_entry_bend
D:5:      layout_rooms, kennysheep_little_box, nicolae_ossuary_entry_catacombs,
          uniq_prince_ribbit1, uniq_menkaure
D:6:      layout_cave_pods, ebering_ghost_sewer_d, minivault_1
D:7:      layout_loops_ring, uniq_maggie
D:8:      layout_layer_cave
D:9:      layout_grid_maze, grunt_temple_overflow_open,
          nicolae_hepliaklqana_hippocampus, dpeg_lair_monsters, orc_0_dummy,
          enter_bailey_2, serial_shops, nicolae_shop_hallway_plus,
          minmay_variable_closet, uniq_erolcha
D:10:     layout_stronghold
D:11:     layout_basic, serial_curves, eino_curves_04, eino_curves_01,
          eino_curves_04
D:12:     layout_rooms, corexii_leaking_fountain, uniq_snorg
Temple:   eino_temple_lava
Lair:1:   layout_chaotic_city, hangedman_tree_tricks, beast_lair_carwin_6,
          uniq_jeremiah
Lair:2:   hangedman_what_comes_after_a, layout_small_grid, grunt_megastairs_2,
          uniq_amaemon
Lair:3:   layout_hall_layers, alex1729_swamp_entry_worm_eleionoma,
          nicolae_spider_entry_tight_spaces, uniq_kirke, uniq_urug
Lair:4:   layout_hall_layers, slime_entry_1, grunt_megastairs_3,
          lemuel_fruit_tree
Lair:5:   evilmike_catoblepas_cave, layout_small_grid,
          dreamdust_mushroom_princess
Swamp:1:  layout_falls_marsh, ebering_ghost_disaster_area,
          nicolae_swamp_orc_logging_accident, nicolae_swamp_tree_isthmus,
          nicolae_swamp_decorative_isthmus
Swamp:2:  layout_falls_marsh, hangedman_swamp_pad
Swamp:3:  layout_basic_swamp, evilmike_swamp_ruin_rubble_1, uniq_donald,
          uniq_nikola
Swamp:4:  nzn_swamp_witches_coven, layout_basic_swamp, swamp_pool_1_2,
          roderic_carrion_pond
Orc:1:    layout_diamond_mine, uniq_harold
Orc:2:    st_orc_elflike, layout_diamond_mine, basic_altar, minmay_orc_temple_a

Skill      XL: |  1  2  3  4  5  6  7  8  9 10 11 12 13 14 15 16 |
---------------+-------------------------------------------------+-----
Stealth        | 3 4 5 7 8 |  8.0
Conjurations   | 2 3 4 5 6 7 8 9 10 11 | 11.9
Spellcasting   | 3 4 5 6 7 8 9 10 11 | 11.1
Hexes          | 1 2 3 4 5 6 |  6.1
Dodging        | 3 4 5 6 7 8 |  8.8
Fire Magic     | 4 5 6 7 8 |  8.8
Invocations    | 2 4 5 6 7 8 10 12 | 12.2
Shields        | 2 4 5 7 8 9 |  9.1
Summonings     | 1 2 3 4 5 6 |  6.0
Air Magic      | 1 2 3 4 5 6 |  6.5
Alchemy        | 1 2 3 4 5 6 |  6.0
Earth Magic    | 1 2 3 4 5 |  5.4
Fighting       | 3 4 |  4.0

Action                     |  1- 3 |  4- 6 |  7- 9 | 10-12 | 13-15 | 16-18 || total
---------------------------+-------+-------+-------+-------+-------+-------++-------
  Melee: Dagger            |    19 |    15 |       |       |       |       ||    34
         Constrict         |     4 |     6 |    18 |     8 |     4 |       ||    40
         Tentacles         |     3 |     8 |    32 |    12 |     4 |       ||    59
         Staff             |       |    23 |    85 |    46 |    18 |       ||   172
         Short sword       |       |       |       |     1 |     6 |       ||     7
   Cast: Foxfire           |    39 |    44 |   155 |   261 |   358 |    29 ||   886
         Scorch            |     1 |    13 |    39 |   137 |   214 |    18 ||   422
         Inner Flame       |       |     1 |     5 |    15 |    43 |     2 ||    66
         Flame Wave        |       |       |       |    32 |    96 |     6 ||   134
         Stone Arrow       |       |       |       |     4 |     1 |       ||     5
         Mephitic Cloud    |       |       |       |       |    29 |     1 ||    30
         Summon Lightning  |       |       |       |       |    11 |     1 ||    12
         Irradiate         |       |       |       |       |     3 |       ||     3
         Starburst         |       |       |       |       |     6 |     9 ||    15
 Invoke: Channel Magic     |       |       |       |       |     2 |       ||     2
  Evoke: Wand              |       |     1 |       |     4 |     1 |     1 ||     7
    Use: Scroll            |       |       |     9 |     3 |    20 |     2 ||    34
         Potion            |       |       |     4 |     5 |     4 |       ||    13
   Stab: Sleeping          |     1 |     9 |     5 |     3 |       |       ||    18
         Distracted        |       |       |       |     1 |       |       ||     1
         Confused          |       |       |       |       |     2 |       ||     2
 Armour: Skin              |     8 |    15 |    45 |   108 |   186 |    15 ||   377
  Dodge: Dodged            |    10 |    18 |    84 |   164 |   236 |     8 ||   520
  Block: Buckler           |       |       |       |    86 |   158 |     4 ||   248

Table legend: (Time is in decaauts)
 A = Elapsed time spent in this place.
 B = Non-inter-level travel time spent in this place.
 C = Inter-level travel time spent in this place.
 D = Time resting spent in this place.
 E = Time spent auto-exploring this place.
 F = Levels seen in this place.
 G = Mean time per level.
                   A        B        C        D        E       F      G
               +--------+--------+--------+--------+--------+-----+--------+
         Total |  26329 |  25442 |    887 |   3571 |  15051 |  27 |  975.1 |
       Dungeon |  11140 |  10709 |    431 |    904 |   7300 |  12 |  928.3 |
        Temple |     18 |      9 |      9 |      0 |      0 |   1 |   18.0 |
          Lair |   7886 |   7528 |    358 |   1667 |   3793 |   5 | 1577.2 |
         Swamp |   3408 |   3344 |     64 |    450 |   2021 |   4 |  852.0 |
  Orcish Mines |   2001 |   1977 |     24 |    316 |    893 |   2 | 1000.5 |
         Sewer |    256 |    256 |      0 |     84 |     87 |   1 |  256.0 |
       Ossuary |    812 |    812 |      0 |    150 |    415 |   1 |  812.0 |
        Bailey |    805 |    805 |      0 |      0 |    542 |   1 |  805.0 |
               +--------+--------+--------+--------+--------+-----+--------+

Top non-repeatable levels by time:
  Lair:1: 2527 daAuts
  Lair:2: 1704 daAuts
     D:6: 1645 daAuts
 Swamp:1: 1500 daAuts
  Lair:5: 1416 daAuts
  Lair:3: 1406 daAuts
     D:9: 1322 daAuts
     D:8: 1293 daAuts
   Orc:2: 1289 daAuts
     D:1: 1009 daAuts
    D:10: 1004 daAuts
 Swamp:3: 930 daAuts
 Swamp:2: 918 daAuts
     D:7: 897 daAuts
     D:3: 891 daAuts
